 Dungeon Crawl Stone Soup version 0.28-a0-1412-gf95308ed99 (webtiles) character file.

Game seed: 15092453022312358876

95776 blank1 the Spry (level 16, -1/123 HPs)
             Began as a Djinni Fire Elementalist on Jan 6, 2022.
             Was the Champion of Makhleb.
             Killed by an exploding ball lightning (26 damage)
             ... on level 3 of the Lair of Beasts on Jan 7, 2022.
             The game lasted 02:37:34 (27566 turns).

blank1 the Spry (Djinni Fire Elementalist)         Turns: 27566, Time: 02:37:35

Health: -1/123     AC: 15    Str:  7    XL:     16   Next: 64%
Gold:   2275       EV: 25    Int: 25    God:    Makhleb [******] SH: 10 Dex: 20

rFire   + + .      SeeInvis .   w - staff of conjuration
rCold   x . .      Faith    .   X - +1 kite shield {AC+3}
rNeg    + . .      Spirit   .   e - +2 robe {Archmagi}
rPois   ∞          Reflect  .   L - +1 hat
rElec   .          Harm     .   j - +0 cloak
rCorr   .          Rampage  .   o - +1 pair of gloves {infuse}
Will    +....      Archmagi +   (boots unavailable)
Stlth   +++++.....              S - macabre finger necklace {rN+}
HPRegen 0.30/turn               E - +6 ring of dexterity
MPRegen 0.00/turn               H - +4 ring of evasion
                                P - +4 ring of protection

@: flying
A: sickness immunity, fire resistance 2, cold vulnerability 1, float, innate
caster, hp casting, extra vitality 1
a: Renounce Religion, Minor Destruction, Lesser Servant of Makhleb, Major
Destruction, Greater Servant of Makhleb


You were on level 3 of the Lair of Beasts.
You worshipped Makhleb.
Makhleb was exalted by your worship.
You visited 4 branches of the dungeon, and saw 24 of its levels.
You also visited: Volcano.

You collected 3832 gold pieces.
You spent 1557 gold pieces at shops.

Inventory:

Hand Weapons
 a - a +2 short sword of electrocution
 x - the +6 long sword "Geduw" {freeze, *Rage Will+ Str+5 Int+4}
   (You found it on level 6 of the Dungeon)

   It freezes those it strikes, dealing additional cold damage.
   It can also slow down cold-blooded creatures.
   Str:       It affects your strength (+5).
   Int:       It affects your intelligence (+4).
   *Rage:     It berserks you when you make melee attacks (+20% chance).
   Will:      It increases your willpower.
 B - the +8 flail "Hydrabane" {freeze, rN+ Will+ Str-3}
   (You found it on level 7 of the Dungeon)

   It freezes those it strikes, dealing additional cold damage.
   It can also slow down cold-blooded creatures.
   Str:       It affects your strength (-3).
   rN:        It protects you from negative energy.
   Will:      It increases your willpower.
 G - the +2 whip of Dessaon {holy, rPois SInv}
   (You found it on level 7 of the Dungeon)

   It has been blessed by the Shining One to cause great damage to the undead
   and demons.
   rPois:     It protects you from poison.
   SInv:      It lets you see invisible.
 J - the +7 trident of Ponil {flame, Dex+4}
   (You found it on level 2 of the Lair of Beasts)

   It burns those it strikes, dealing additional fire damage.
   Dex:       It affects your dexterity (+4).
 Q - the +10 war axe "Zezun" {drain, rF+ Str+4}
   (You found it on level 6 of the Lair of Beasts)

   A truly terrible weapon, it drains the life of any living foe it strikes.
   Str:       It affects your strength (+4).
   rF:        It protects you from fire.
Missiles
 s - 6 throwing nets
Armour
 e - a +2 robe of the Archmagi (worn)
 j - a +0 cloak (worn)
 o - a +1 pair of gloves of infusion (worn)
 L - a +1 hat (worn)
 X - a +1 kite shield of protection (worn)
Magical Staves
 i - a staff of death
 w - a staff of conjuration (weapon)
Jewellery
 y - an amulet of regeneration
 E - a +6 ring of dexterity (left hand)
 H - a +4 ring of evasion (right hand)
 O - a ring of ice
 P - a +4 ring of protection (on amulet)
 S - the macabre finger necklace (around neck) {rN+}
   (You took it off a crimson imp on level 12 of the Dungeon)

   [amulet of nothing]

   It enables you to equip an extra ring.
   rN:        It protects you from negative energy.
 T - a ring of resist corrosion
Wands
 d - a wand of iceblast (25)
 f - a wand of flame (36)
 m - a wand of polymorph (18)
 v - a wand of paralysis (4)
 z - a wand of mindburst (41)
 I - a wand of digging (1)
Scrolls
 n - 5 scrolls of immolation
 p - 5 scrolls of teleportation
 q - 2 scrolls of brand weapon
 r - 4 scrolls of fear
 t - 3 scrolls of magic mapping
 u - 3 scrolls of fog
 D - 7 scrolls of identify
 F - 2 scrolls of silence
 M - 4 scrolls of blinking
 R - 3 scrolls of enchant armour
 U - a scroll of enchant weapon
Potions
 b - 6 potions of lignification
 c - 2 potions of attraction
 g - 2 potions of brilliance
 h - a potion of invisibility
 k - 7 potions of curing
 l - a potion of heal wounds
 A - 2 potions of cancellation
 C - 6 potions of resistance
 K - 2 potions of mutation
 N - a potion of haste
 V - a potion of ambrosia
 W - 3 potions of berserk rage
 Y - a potion of experience


   Skills:
 - Level 14.0 Fighting
 + Level 15.5 Dodging
 + Level 9.7 Stealth
 + Level 1.2 Shields
 - Level 14.0 Spellcasting
 - Level 3.0 Invocations


You had 6 spell levels left.
You knew the following spells:

 Your Spells              Type           Power      Damage    Failure   Level
a - Foxfire               Conj/Fire      100%       2x1d9     1%          1
b - Scorch                Fire           100%       2d10      1%          2
c - Conjure Flame         Conj/Fire      100%       6-21      1%          3
d - Inner Flame           Hex/Fire       92%        N/A       1%          3
e - Flame Wave            Conj/Fire      100%       2d14      1%          4
f - Animate Skeleton      Necr           100%       N/A       1%          1
g - Ensorcelled Hibernat  Hex/Ice        100%       N/A       1%          2
h - Lesser Beckoning      Tloc           92%        N/A       1%          3
i - Swiftness             Air            92%        N/A       1%          3
j - Fulminant Prism       Conj/Hex       57%        3d25      1%          4
k - Manifold Assault      Tloc           92%        N/A       1%          5
l - Conjure Ball Lightni  Conj/Air       57%        3x3d21    5%          6
Your spell library was empty.

Dungeon Overview and Level Annotations

Branches:
Dungeon (15/15)            Temple (0/1) D:4            Lair (6/6) D:11
  Swamp (1/4) Lair:3       Spider (0/4) Lair:4        Slime (0/5) Lair:6
    Orc (2/2) D:12            Elf (0/3) Orc:2        Vaults (0/5) D:13
 Depths (0/4) D:15        Volcano (visited)

Altars:
Ashenzari
Dithmenos
Elyvilon
Fedhas
Gozag
Hepliaklqana
Makhleb
Qazlal
Ru
Vehumet
Xom
Zin
The Shining One
Beogh
Jiyva

Shops:
D:4 [   D:10 *   D:12 :(*   D:15 :   Orc:1 :   Orc:2 :[(?*

Portals:
Hell: Lair:6
Abyss: Orc:1

Annotations:
Lair:3 Mlioglotl
Orc:1 2 transporters, Clumpoid's ghost, journeyman GnFi


Innate Abilities, Weirdness & Mutations

You are immune to sickness and miasma.
You are immune to poison.
Your flesh is very heat resistant. (rF++)
You are vulnerable to cold. (rC-)
You float through the air rather than walking.
You learn spells naturally, not from books.
Your magical power is your life essence.
You have superior vitality. (+4 MHP)


Message History

The blast of lightning engulfs Mlioglotl.
Mlioglotl resists.
Mlioglotl is lightly damaged.
Mlioglotl churns violently!
Mlioglotl corrupts the dungeon around him!
You hear a shout!
Casting: Conjure Ball Lightning (dangerous; 5% risk of failure)
Confirm with . or Enter, or press ? or * to list all spells.
Aiming: Fulminant Prism (safe; 1% risk of failure)
Press: ? - help, Dir - move target You feel a strong surge of power!
You conjure a prism of explosive energy!
A fulminant prism comes into view.
Something corrupts the dungeon around it!
Your fulminant prism crackles loudly.
Your fulminant prism explodes!
The blast of energy engulfs Mlioglotl!!!
Mlioglotl is heavily damaged.
Casting: Fulminant Prism (safe; 1% risk of failure)
Confirm with . or Enter, or press ? or * to list all spells.
You feel a strong surge of power!
You create some ball lightning! 3 ball lightnings come into view.
Your ball lightning explodes!
The blast of lightning engulfs your ball lightning.
Your ball lightning completely resists.
The blast of lightning engulfs your ball lightning.
Your ball lightning completely resists.
The blast of lightning engulfs Mlioglotl.
Mlioglotl resists.
Mlioglotl is heavily damaged.
The blast of lightning engulfs you!!!
* * * LOW HITPOINT WARNING * * *
Your ball lightning explodes!
The blast of lightning engulfs your ball lightning.
Your ball lightning completely resists.
The blast of lightning engulfs Mlioglotl!
Mlioglotl resists.
Mlioglotl is heavily damaged.
The blast of lightning engulfs you!!
You die...

#.....#.##
#.###..+##§# ####.
####....# ####....####
##...
##.P.#.#####.##'#####
#P...
##........##.........#
##.##
#.........##...X....##
###.#
##........P#....*...#
#P..#
##..................#
##...#
##..................#
##...##
#...............@...#
#.....#
.[........##........#
###..##
.#........#..P......#
#.##
##........####P.+#.##
#..# #####...##
###...P# ######.##
#....##
#.#..####..##..####
##..###
###........#.P.#...
###....#
##...............
#..'#.######
#####..............


You could see Mlioglotl (ally target) and a friendly ball lightning.

Vanquished Creatures
  Frances (D:12)
  Kirke (Lair:5)
  An orc warlord (Orc:2)
  Nessos (Orc:2)
  A dire elephant (Lair:6)
  Azrael (D:12)
  Snorg (D:12)
  2 fire dragons
  An ice dragon (D:15)
  11 hydras
  Harold (D:8)
  A death knight (D:12)
  A vault guard (D:13)
  A catoblepas (D:15)
  Erica (D:9)
  3 centaur warriors
  A death yak (Lair:4)
  4 orc high priests
  Urug (Lair:3)
  3 tengu warriors
  A sun demon (Lair:6)
  A wizard (Lair:6)
  3 orc knights
  2 deep elf pyromancers
  15 ugly things
  7 orc sorcerers
  A cyclops (D:14)
  An oklob plant (D:11)
  2 manticores
  Maurice (D:8)
  11 elephants
  2 gargoyles
  4 black mambas
  A smoke demon (Volcano)
  A torpor snail (Lair:4)
  A molten gargoyle (Volcano)
  Psyche (D:8)
  11 cane toads
  6 rime drakes
  10 komodo dragons
  4 efreet
  A hellwing (Lair:6)
  5 red devils
  4 ice devils (Lair:6)
  A polar bear (shapeshifter) (D:13)
  18 blink frogs
  5 trolls
  2 hornets
  24 slime creatures
  7 dream sheep (Lair:5)
  A shadow (D:6)
  A centaur simulacrum (D:14)
  Sigmund (D:2)
  A vampire (D:13)
  A spriggan (Lair:3)
  55 yaks
  4 wraiths
  3 wyverns
  6 fire bats (Volcano)
  A fire elemental (D:12)
  7 hogs (Lair:5)
  5 steam dragons
  3 redbacks
  6 basilisks
  4 vampire mosquitoes
  Menkaure (D:4)
  8 wargs
  13 water moccasins
  8 hell hounds
  34 orc warriors
  A sky beast (D:7)
  3 black bears
  3 hornet zombies
  3 necrophages
  A swamp drake (Swamp:1)
  11 wolves
  4 ogres
  A phantom (D:4)
  8 centaurs
  13 bullfrogs
  2 gnoll sergeants (D:7)
  2 scorpions (D:7)
  3 water moccasin zombies
  A wyvern skeleton (D:7)
  A water moccasin skeleton (D:5)
  22 killer bees
  7 howler monkeys
  13 wights
  5 electric eels
  5 crimson imps
  7 lava snakes (Volcano)
  7 hounds
  7 jellies
  Crazy Yiuf (D:2)
  4 centaur zombies
  16 orc priests
  2 centaur skeletons
  Terence (D:2)
  A gnoll shaman (D:8)
  2 iguanas
  14 orc wizards
  A killer bee zombie (D:7)
  A howler monkey zombie (D:10)
  15 gnolls
  3 adders (D:4)
  A shadow imp (D:7)
  2 white imps (D:7)
  5 dart slugs
  85 orcs
  9 endoplasms
  A giant cockroach (D:4)
  3 hobgoblins (D:4)
  A quokka (D:1)
  4 bats
  4 frilled lizards
  3 kobolds
  2 rats (D:1)
  2 butterflies (Lair:1)
  25 foxfires
  23 fulminant prisms
715 creatures vanquished.

Vanquished Creatures (collateral kills)
  15 ball lightnings
  8 foxfires
23 creatures vanquished.

Vanquished Creatures (others)
  A water moccasin (Lair:6)
  An orc (D:8)
  A quokka (D:6)
  96 ball lightnings
  560 foxfires
  367 fulminant prisms
  74 fungi
  58 plants
1158 creatures vanquished.

Grand Total: 1896 creatures vanquished

Notes
Turn   | Place    | Note
-------+----------+-------------------------------------------
     0 | D:1      | blank1 the Djinni Fire Elementalist began the quest for the
                  | Orb.
     0 | D:1      | Reached XP level 1. HP: 15/15 MP: 0/0
   304 | D:1      | Found a faded altar of an unknown god.
   568 | D:1      | Reached XP level 2. HP: 17/21 MP: 0/0
   846 | D:2      | Noticed Sigmund
   851 | D:2      | Killed Sigmund
   852 | D:2      | Reached skill level 1 in Fighting
   852 | D:2      | Reached skill level 3 in Dodging
   852 | D:2      | Reached XP level 3. HP: 16/28 MP: 0/0
   852 | D:2      | Learned a level 1 spell: Animate Skeleton
   852 | D:2      | Reached XP level 4. HP: 19/33 MP: 0/0
   852 | D:2      | Reached XP level 5. HP: 22/38 MP: 0/0
   852 | D:2      | Learned a level 2 spell: Ensorcelled Hibernation
  1100 | D:2      | Found a runed translucent door.
  1101 | D:2      | Noticed Crazy Yiuf
  1387 | D:2      | Noticed Terence
  1406 | D:2      | Killed Terence
  1407 | D:2      | Reached XP level 6. HP: 9/43 MP: 0/0
  1909 | D:2      | Killed Crazy Yiuf
  2359 | D:3      | Found a burning altar of Makhleb.
  2408 | D:3      | Became a worshipper of Makhleb the Destroyer
  2600 | D:3      | Reached XP level 7. HP: 29/49 MP: 0/0
  2600 | D:3      | Learned a level 3 spell: Lesser Beckoning
  3269 | D:4      | Noticed Menkaure
  3269 | D:4      | Found a staircase to the Ecumenical Temple.
  3274 | D:4      | Killed Menkaure
  3434 | D:4      | Reached skill level 4 in Dodging
  3745 | D:4      | Reached XP level 8. HP: 54/58 MP: 0/0
  3994 | D:4      | Reached skill level 5 in Fighting
  3994 | D:4      | Reached skill level 5 in Dodging
  4151 | D:4      | Found Ydyadus's Antique Armour Boutique.
  4427 | D:4      | Bought a pair of embroidered gloves for 195 gold pieces
  4442 | D:5      | Entered Level 5 of the Dungeon
  4529 | D:5      | Found a broken altar of Ashenzari.
  4555 | D:5      | Found a shimmering altar of Xom.
  4741 | D:5      | Reached skill level 6 in Dodging
  4945 | D:5      | Found a stormy altar of Qazlal.
  5191 | D:5      | Found a glowing silver altar of Zin.
  5564 | D:5      | Reached skill level 5 in Spellcasting
  5751 | D:6      | Identified the +6 long sword "Geduw" {freeze, *Rage Will+
                  | Str+5 Int+4}
  5761 | D:6      | Reached skill level 5 in Stealth
  5761 | D:6      | Reached XP level 9. HP: 56/65 MP: 0/0
  5761 | D:6      | Learned a level 3 spell: Swiftness
  6055 | D:6      | Upgraded the game from 0.28-a0-1404-g4df0f3684d to
                  | 0.28-a0-1412-gf95308ed99
  6068 | D:6      | Reached * piety under Makhleb
  6191 | D:6      | Reached skill level 1 in Invocations
  6368 | D:6      | Found a white marble altar of Elyvilon.
  6710 | D:6      | Reached skill level 7 in Dodging
  6723 | D:6      | Found a blossoming altar of Fedhas.
  6937 | D:7      | Identified the +8 flail "Hydrabane" {freeze, rN+ Will+
                  | Str-3}
  6993 | D:7      | Found a glowing golden altar of the Shining One.
  7027 | D:7      | Identified a scroll of acquirement
  7028 | D:7      | Acquired an amulet of regeneration
  7159 | D:7      | Found a hazy altar of Hepliaklqana.
  7434 | D:7      | Reached XP level 10. HP: 63/70 MP: 0/0
  7632 | D:7      | Noticed a centaur warrior
  7640 | D:7      | Killed a centaur warrior
  7641 | D:7      | Reached skill level 8 in Dodging
  7681 | D:7      | Reached ** piety under Makhleb
  7768 | D:7      | Noticed a gargoyle
  7787 | D:7      | Killed a gargoyle
  8061 | D:7      | Noticed a red ugly thing
  8061 | D:7      | Noticed a deep elf pyromancer
  8094 | D:7      | Killed a deep elf pyromancer
  8173 | D:7      | Killed a red ugly thing
  8174 | D:7      | Reached XP level 11. HP: 20/79 MP: 0/0
  8174 | D:7      | Learned a level 4 spell: Fulminant Prism
  8258 | D:7      | Identified the +2 whip of Dessaon {holy, rPois SInv}
  8324 | D:7      | Reached skill level 9 in Dodging
  8434 | D:8      | Noticed Psyche
  8442 | D:8      | Killed Psyche
  8502 | D:8      | Noticed Harold
  8619 | D:8      | Noticed Maurice
  8741 | D:8      | Killed Harold
  8742 | D:8      | Reached skill level 10 in Dodging
  8801 | D:8      | Killed Maurice
  8801 | D:8      | Reached *** piety under Makhleb
  9642 | D:9      | Noticed Erica
  9710 | D:9      | Killed Erica
  9782 | D:10     | Entered Level 10 of the Dungeon
  9848 | D:10     | Reached XP level 12. HP: 80/86 MP: 0/0
  9890 | D:10     | Found an opulent altar of Gozag.
 10037 | D:10     | Found a shadowy altar of Dithmenos.
 10126 | D:10     | Reached skill level 10 in Spellcasting
 10126 | D:10     | Reached **** piety under Makhleb
 10457 | D:10     | Found Cuworoog's Assorted Antiques.
 10619 | D:11     | Found a sacrificial altar of Ru.
 10766 | D:11     | Found a staircase to the Lair.
 10798 | D:11     | Found a frozen archway.
 10802 | D:11     | You are sucked into a shaft and drop 3 floors!
 11123 | D:13     | Reached skill level 10 in Fighting
 11421 | D:11     | Reached skill level 11 in Dodging
 11493 | D:11     | Reached ***** piety under Makhleb
 11765 | Lair:1   | Entered Level 1 of the Lair of Beasts
 11775 | Lair:1   | Reached skill level 12 in Dodging
 12158 | Lair:1   | Reached XP level 13. HP: 96/96 MP: 0/0
 12158 | Lair:1   | Learned a level 5 spell: Manifold Assault
 12682 | Lair:1   | Noticed a six-headed hydra
 12693 | Lair:1   | Killed a six-headed hydra
 13116 | Lair:2   | Found a blossoming altar of Fedhas.
 13174 | Lair:2   | Identified the +7 trident of Ponil {flame, Dex+4}
 13597 | Lair:3   | Noticed Urug
 13608 | Lair:3   | Killed Urug
 13835 | Lair:3   | Found a staircase to the Swamp.
 13888 | Lair:3   | Found a broken altar of Ashenzari.
 14044 | Lair:3   | Noticed a five-headed hydra
 14050 | Lair:3   | Killed a five-headed hydra
 14586 | Lair:4   | Reached XP level 14. HP: 82/103 MP: 0/0
 14995 | Lair:4   | Found a hole to the Spider Nest.
 15477 | Lair:5   | Noticed Kirke
 15484 | Lair:5   | Killed Kirke
 15800 | Lair:6   | Entered Level 6 of the Lair of Beasts
 15816 | Lair:6   | Reached ****** piety under Makhleb
 16218 | Lair:6   | Found a runed translucent door.
 16219 | Lair:6   | Found a viscous altar of Jiyva.
 16219 | Lair:6   | Found a staircase to the Slime Pits.
 16542 | Lair:6   | Reached skill level 13 in Dodging
 16658 | Lair:6   | Reached XP level 15. HP: 108/112 MP: 0/0
 16658 | Lair:6   | Learned a level 6 spell: Conjure Ball Lightning
 17311 | Lair:6   | Found a burning altar of Makhleb.
 17321 | Lair:6   | Found a gateway to Hell.
 17328 | Lair:6   | Identified the +10 war axe "Zezun" {drain, rF+ Str+4}
 17594 | D:12     | Noticed Snorg
 17603 | D:12     | Killed Snorg
 17734 | D:12     | Reached skill level 14 in Dodging
 17735 | D:12     | Noticed Frances
 17746 | D:12     | Killed Frances
 17832 | D:12     | Found Yhorchuad's Book Shoppe.
 17887 | D:12     | Noticed Azrael
 17896 | D:12     | Killed Azrael
 18036 | D:12     | Found Nugocvou's Assorted Antiques.
 18228 | D:12     | Found Tayzibri's Weapon Boutique.
 18341 | D:12     | Bought 3 scrolls labelled KEYNGO URESA for 69 gold pieces
 18354 | D:12     | Found a staircase to the Orcish Mines.
 18379 | D:12     | Found a shimmering altar of Xom.
 19489 | D:13     | Found a gate to the Vaults.
 20158 | D:14     | Found a sacrificial altar of Ru.
 20572 | D:15     | Entered Level 15 of the Dungeon
 20697 | D:15     | Reached XP level 16. HP: 121/121 MP: 0/0
 20977 | D:15     | Found Foviriat's Book Shop.
 21336 | D:15     | Found a staircase to the Depths.
 21783 | Orc:1    | Entered Level 1 of the Orcish Mines
 21783 | Orc:1    | Found Vina Ytt's Book Boutique.
 21967 | Orc:1    | Found a dark tunnel.
 21972 | Volcano  | Entered a volcano
 22309 | Volcano  | Found a burning altar of Makhleb.
 22982 | Orc:1    | Found a transporter.
 23145 | Orc:1    | Noticed Clumpoid's ghost (journeyman GnFi)
 23153 | Orc:1    | Found a one-way gate to the infinite horrors of the Abyss.
 23166 | Orc:1    | Found a transporter.
 23259 | Orc:1    | Reached skill level 15 in Dodging
 23305 | Orc:2    | Entered Level 2 of the Orcish Mines
 23383 | Orc:2    | Found a staircase to the Elven Halls.
 23386 | Orc:2    | Noticed Nessos
 24331 | Orc:2    | Killed Nessos
 25714 | Orc:2    | Found Colab's Antique Weapon Emporium.
 25824 | Orc:2    | Found Vulishriy's Book Emporium.
 25865 | Orc:2    | Found Muaqyic's Antique Armour Shoppe.
 25873 | Orc:2    | Bought a glowing kite shield for 157 gold pieces
 25873 | Orc:2    | Bought a glowing orb for 252 gold pieces
 25916 | Orc:2    | Found Butid's Magic Scroll Emporium.
 25962 | Orc:2    | Bought a scroll of acquirement for 884 gold pieces
 25966 | Orc:2    | Acquired 903 gold pieces
 25998 | Orc:2    | Found Rerchi's General Store.
 26491 | Orc:2    | Reached skill level 1 in Shields
 26838 | Swamp:1  | Entered Level 1 of the Swamp
 27224 | Swamp:1  | Noticed Mlioglotl
 27246 | Lair:3   | Noticed a bone dragon
 27246 | Lair:3   | Noticed a tentacled monstrosity
 27566 | Lair:3   | Killed by an exploding ball lightning

Illustrated notes

Levels and vault maps discovered:
D:1:      dpeg_chamrin_arrival_tetris, layout_rooms,
          chequers_ecumenical_altar_island, serial_park_tiny_2,
          kennysheep_crisscross
D:2:      layout_basic, kennysheep_generic_room_9, uniq_sigmund,
          uniq_crazy_yiuf_cottage, uniq_terence
D:3:      layout_loops_cross, grunt_temple_overflow_lords_of_destruction,
          dk_noncrumbling_2
D:4:      layout_rooms, minmay_temple_entry_overgrown, serial_shops, shop,
          uniq_menkaure
D:5:      layout_basic, nicolae_overflow_hidden_temple,
          mainiacjoe_overflow_catch_the_wave, ashenzari_altar_1,
          cheibrodos_gnoll_hut
D:6:      layout_cave_pools, elyvilon_altar_4, mainiacjoe_overflow_chevrons
D:7:      nzn_winding_woodlands_large [nzn_winding_woodlands_5x5_checkerboard,
          nzn_winding_woodlands_5x15_cabin, nzn_winding_woodlands_5x5_default,
          nzn_winding_woodlands_center_diamonds,
          nzn_winding_woodlands_15x15_eel_pit,
          nzn_winding_woodlands_center_lodge,
          nzn_winding_woodlands_5x5_closed_star,
          nzn_winding_woodlands_5x15_sidewinder,
          nzn_winding_woodlands_hourglass], layout_gridville,
          mainiacjoe_overflow_surrounded_room, tso_metal_star, solitary_fountain
D:8:      layout_rooms, uniq_psyche, uniq_maurice, uniq_harold
D:9:      layout_basic, uniq_erica
D:10:     layout_loops_cross, general_overflow_altar,
          mainiacjoe_overflow_brackets, serial_shops,
          nicolae_shop_advertising_works [nicolae_subvault_shop_adworks],
          special_room [special_room_orc]
D:11:     layout_cave_pools, dpeg_oklobed_lair, portal_ice_cave_entry_pillars_1,
          nicolae_ru_awakened_eye
D:12:     layout_rooms, orc_0_dummy, special_room [special_room_orc],
          serial_shops, nicolae_shop_stone, nicolae_shop_hallway_stairs, shop,
          led_xom_imps, uniq_azrael, uniq_snorg, uniq_frances
D:13:     layout_stronghold, david_vaults_5
D:14:     layout_roguey, lemuel_tele_altar, item_on_display_a
D:15:     grunt_enter_depths_hoard, layout_loops_ring, serial_shops,
          shop_fountains
Lair:1:   beast_lair_carwin_large_3, layout_layer_cave, lemuel_fruit_fields
Lair:2:   layout_cave_shapes, basic_altar
Lair:3:   layout_roguey, swamp_mist, basic_altar, uniq_urug
Lair:4:   layout_gridlike, spider_nest_entry_webs, grunt_megastairs_3
Lair:5:   layout_hall_layers, serial_bayou_shore_a, lemuel_fruit_tree,
          uniq_kirke
Lair:6:   evil_forest, layout_long_grid, slime_altar_2
Swamp:1:  layout_falls_marsh, evilmike_swamp_ruin_rubble_2, uniq_mlioglotl,
          uniq_donald
Orc:1:    layout_diamond_mine, gammafunk_ghost_abyssal_escape,
          nicolae_volcano_entry_s_turn, serial_shops, shop_fountains,
          minmay_orc_temple_a
Orc:2:    grunt_orc_gardens, layout_caves, grunt_orc_garden, grunt_orc_garden,
          grunt_orc_garden, grunt_orc_garden, serial_shops, shop, basic_altar,
          minmay_orc_barracks, uniq_nessos

Skill      XL: |  1  2  3  4  5  6  7  8  9 10 11 12 13 14 15 16 |
---------------+-------------------------------------------------+-----
Fighting       | 2 4 5 7 8 10 12 13 14 | 14.0
Dodging        | 3 4 6 7 8 10 12 13 14 15 | 15.5
Stealth        | 3 4 5 6 8 9 |  9.7
Spellcasting   | 3 4 5 7 8 9 10 12 13 14 | 14.0
Invocations    | 1 2 3 |  3.0
Shields        | 1 |  1.2

Action                   |  1- 3 |  4- 6 |  7- 9 | 10-12 | 13-15 | 16-18 || total
-------------------------+-------+-------+-------+-------+-------+-------++-------
Melee: Short sword       |       |    11 |    15 |     9 |       |       ||    35
       Punch             |       |       |     1 |       |       |       ||     1
       Staff             |       |       |       |       |     9 |       ||     9
 Cast: Foxfire           |    15 |    18 |    86 |   121 |   122 |       ||   362
       Scorch            |     5 |    35 |    85 |   234 |   224 |    38 ||   621
       Ensorcelled Hiber |       |     4 |     2 |    10 |     4 |       ||    20
       Conjure Flame     |       |     4 |     9 |    15 |     7 |       ||    35
       Flame Wave        |       |       |     2 |     4 |     6 |       ||    12
       Lesser Beckoning  |       |       |     2 |     1 |       |       ||     3
       Fulminant Prism   |       |       |       |    75 |   234 |    82 ||   391
       Swiftness         |       |       |       |     1 |     5 |       ||     6
       Manifold Assault  |       |       |       |       |     3 |       ||     3
       Inner Flame       |       |       |       |       |     2 |       ||     2
       Conjure Ball Ligh |       |       |       |       |    17 |    37 ||    54
       Animate Skeleton  |       |       |       |       |     1 |       ||     1
Evoke: Wand              |       |       |       |       |       |     2 ||     2
  Use: Scroll            |       |       |    15 |     8 |    12 |     3 ||    38
       Potion            |       |       |       |       |     1 |     1 ||     2
 Stab: Sleeping          |       |     3 |     6 |     6 |       |       ||    15
Armor: Robe              |       |       |    27 |    25 |    18 |     4 ||    74
Dodge: Dodged            |     2 |     7 |    50 |   140 |   242 |    89 ||   530
Block: Kite shield       |       |       |       |       |       |    10 ||    10

Table legend: (Time is in decaauts)
 A = Elapsed time spent in this place.
 B = Non-inter-level travel time spent in this place.
 C = Inter-level travel time spent in this place.
 D = Time resting spent in this place.
 E = Time spent auto-exploring this place.
 F = Levels seen in this place.
 G = Mean time per level.
                   A        B        C        D        E       F      G
               +--------+--------+--------+--------+--------+-----+--------+
         Total |  27625 |  25882 |   1743 |   5660 |  13340 |  25 | 1105.0 |
       Dungeon |  16200 |  15544 |    656 |   2862 |   8811 |  15 | 1080.0 |
          Lair |   6587 |   6012 |    575 |   1046 |   3010 |   6 | 1097.8 |
         Swamp |     17 |     17 |      0 |      0 |      0 |   1 |   17.0 |
  Orcish Mines |   4302 |   3791 |    511 |   1715 |   1155 |   2 | 2151.0 |
       Volcano |    517 |    517 |      0 |     37 |    364 |   1 |  517.0 |
               +--------+--------+--------+--------+--------+-----+--------+

Top non-repeatable levels by time:
   Orc:1: 2765 daAuts
     D:7: 1714 daAuts
     D:5: 1595 daAuts
   Orc:2: 1537 daAuts
     D:2: 1398 daAuts
  Lair:6: 1344 daAuts
  Lair:1: 1310 daAuts
    D:13: 1267 daAuts
  Lair:3: 1261 daAuts
     D:4: 1232 daAuts
    D:12: 1228 daAuts
    D:15: 1129 daAuts
    D:14: 1079 daAuts
  Lair:4: 1000 daAuts
     D:1: 938 daAuts
